 Dungeon Crawl Stone Soup version 0.19.1 (webtiles) character file.

830 ChaseSP the Basher (level 7, 0/58 HPs)
             Began as a Deep Dwarf Warper on Nov 26, 2016.
             Was an Initiate of Elyvilon.
             Slain by taxman66's ghost (28 damage)
             ... on level 6 of the Dungeon.
             The game lasted 00:11:52 (4797 turns).

ChaseSP the Basher (Deep Dwarf Warper)              Turns: 4797, Time: 00:11:52

Health: 0/58       AC:  6    Str: 15    XL:     7   Next: 65%
Magic:  8/8        EV: 11    Int: 14    God:    Elyvilon [......]
Gold:   228        SH:  0    Dex: 13    Spells: 4 memorised, 1 level left

rFire  . . .     SeeInvis .     a - +0 flail
rCold  . . .     Gourm    .     k - +0 ring mail
rNeg   . . .     Faith    .     (no shield)
rPois  .         Spirit   .     d - +0 helmet
rElec  .         Reflect  .     (no cloak)
rCorr  .         Harm     .     (no gloves)
MR     ++...                    (no boots)
Stlth  +.........               (no amulet)
                                (no ring)
                                h - ring of protection from magic

@: non-regenerating
A: damage resistance, recharge devices, sense surroundings 1, slow regeneration
3
a: Device Recharging, Renounce Religion


You were on level 6 of the Dungeon.
You worshipped Elyvilon.
Elyvilon was noncommittal.
You were near starving.

You visited 2 branches of the dungeon, and saw 7 of its levels.

You collected 228 gold pieces.

Inventory:

Hand Weapons
 a - a +0 flail (weapon)
 b - a +0 hunting sling
Missiles
 e - 5 tomahawks of dispersal (quivered)
 o - 23 stones
 t - 16 bolts
Armour
 d - a +0 helmet (worn)
 k - a +0 ring mail (worn)
 s - a +0 leather armour
 w - a +3 scale mail of magic resistance
Jewellery
 h - a ring of protection from magic (left hand)
 p - an uncursed amulet of harm {unknown}
 D - an uncursed amulet of the gourmand {unknown}
Wands
 f - a wand of heal wounds (0/9)
 j - a wand of iceblast (6/15)
 y - a wand of random effects (31/48)
 F - a wand of disintegration (16/24)
Scrolls
 i - a scroll of blinking
 l - 2 scrolls of teleportation
 n - a scroll of fear {unknown}
 q - a scroll of recharging
 u - 2 scrolls of magic mapping {unknown}
 v - 3 scrolls of random uselessness
 C - a scroll of remove curse
Potions
 m - a potion of haste
 x - a potion of invisibility
 z - 2 potions of curing
 E - a potion of cure mutation {unknown}
Books
 c - a book of Spatial Translocations

   Spells                             Type                      Level
   a - Blink                          Translocation                2
   b - Shroud of Golubria             Charms/Translocation         2
   c - Lesser Beckoning               Translocation                3
   d - Portal Projectile              Translocation                3
   e - Teleport Other                 Translocation                3
   f - Passage of Golubria            Translocation                4
 r - a book of Callings

   Spells                             Type                      Level
   a - Summon Small Mammal            Summoning                    1
   b - Call Imp                       Summoning                    2
   c - Call Canine Familiar           Summoning                    3
   d - Summon Guardian Golem          Hexes/Summoning              3
   e - Summon Lightning Spire         Summoning/Air                4
   f - Summon Ice Beast               Ice/Summoning                4
Comestibles
 g - 5 bread rations
 B - a meat ration


   Skills:
 - Level 1.7 Fighting
 * Level 8.3 Maces & Flails
 - Level 0.8 Throwing
 - Level 1.1 Armour
 - Level 2.1 Dodging
 - Level 1.7 Spellcasting
 + Level 4.1 Translocations
 + Level 2.5 Invocations


You had one spell level left.
You knew the following spells:

 Your Spells              Type           Power        Failure   Level  Hunger
a - Blink                 Tloc           N/A          14%         2    ###....
b - Shroud of Golubria    Chrm/Tloc      #.........   30%         2    ###....
c - Lesser Beckoning      Tloc           ##........   28%         3    ####...
d - Summon Small Mammal   Summ           #...         61%         1    ##.....


Dungeon Overview and Level Annotations

Branches:
Dungeon (6/15)             Temple (1/1) D:5

Altars:
Ashenzari
Cheibriados
Dithmenos
Elyvilon
Fedhas
Gozag
Hepliaklqana
Kikubaaqudgha
Nemelex Xobeh
Okawaru
Qazlal
Ru
Sif Muna
Trog
Uskayaw
Vehumet
Xom
Yredelemnul
Zin
The Shining One

Annotations:
D:3 taxman66's ghost, amateur OgBe
D:6 taxman66's ghost, novice OgBe


Innate Abilities, Weirdness & Mutations

You are resistant to damage.
You can recharge devices by infusing magical energy.
You passively map a small area around you.
You do not regenerate.


Message History

Something unseen opens the door.
The giant cockroach bites you but does no damage.
You closely miss the giant cockroach. The giant cockroach closely misses you.
Taxman66's ghost (novice Ogre Berserker) comes into view.
You hit the giant cockroach.
You kill the giant cockroach!
You see here an arrow.
Press: ? - help, v - describe, . - travel
Here: taxman66's ghost The floor, spattered with blood.
Taxman66's ghost hits you!
* * * LOW HITPOINT WARNING * * *
There is an open door here.
You see here an arrow.
Taxman66's ghost keens inconsolably.
There is an open door here.
There is an open door here.
Taxman66's ghost hits you. Taxman66's ghost hits you!!
You die...

, , #..##......#......#.....# ,
*#####......#).....#(....#, ,
#......##..##.##..#.(...#, #,,
,#..##..##'##########....# ,#.
#..##..##..........#....#, ,#..
#..##..+...........(....# ,
#...##..##..##..##.###..#(...#,
#.......##..##..##.###..#....#*
#.......######.@'.......#)...#,,
#.......'....'W.#.......'....+
######..#...##..######.##....# ,
, #..#...##### ###)#....## ,
#..#...... , #((.#....#, ,
#########... ,#...#....# ,, , ,
*## ##..#....# , ##..# , , ,
#..<# ,,,,


You could see taxman66's ghost.

Vanquished Creatures
  An ice beast (D:5)
  3 centaurs
  The ghost of Nurple the Shooter, an amateur HEHu (D:4)
  A scorpion (D:5)
  A centaur zombie (D:5)
  A hound (D:5)
  2 orc wizards
  A bullfrog skeleton (D:6)
  Terence (D:3)
  2 worker ants (D:4)
  3 gnolls (D:5)
  3 adders
  A shadow imp (D:4)
  An ooze (D:3)
  3 worms
  A dart slug (D:4)
  4 leopard geckos
  10 orcs
  A ball python (D:2)
  3 giant cockroaches
  2 goblins (D:1)
  5 hobgoblins
  2 jackals (D:2)
  5 bats
  5 frilled lizards
  2 jackal zombies (D:5)
  5 kobolds
  A quokka skeleton (D:4)
  6 rats
77 creatures vanquished.

Notes
Turn   | Place    | Note
-------+----------+-------------------------------------------
     0 | D:1      | ChaseSP the Deep Dwarf Warper began the quest for the Orb.
     0 | D:1      | Reached XP level 1. HP: 19/19 MP: 3/3
   209 | D:1      | Reached XP level 2. HP: 19/26 MP: 4/4
   412 | D:1      | Reached skill level 3 in Maces & Flails
  1408 | D:2      | Reached XP level 3. HP: 32/32 MP: 5/5
  1540 | D:2      | Found a deep blue altar of Sif Muna.
  2146 | D:3      | Noticed Terence
  2178 | D:3      | Killed Terence
  2178 | D:3      | Reached skill level 4 in Maces & Flails
  2178 | D:3      | Reached XP level 4. HP: 29/39 MP: 6/6
  2196 | D:3      | Learned a level 2 spell: Blink
  2199 | D:3      | Learned a level 2 spell: Shroud of Golubria
  2465 | D:3      | Noticed taxman66's ghost (amateur OgBe)
  2587 | D:4      | Reached skill level 5 in Maces & Flails
  2624 | D:4      | Found a shimmering altar of Xom.
  2661 | D:4      | Reached XP level 5. HP: 14/45 MP: 7/7
  2860 | D:4      | Noticed Nurple's ghost (amateur HEHu)
  2883 | D:4      | Killed Nurple's ghost
  2883 | D:4      | Reached skill level 6 in Maces & Flails
  3101 | D:4      | Found a glowing golden altar of the Shining One.
  3218 | D:4      | Found a sacrificial altar of Ru.
  3221 | D:4      | Found a hazy altar of Hepliaklqana.
  3272 | D:5      | Entered Level 5 of the Dungeon
  3377 | D:5      | HP: 2/45 [poisoned by a scorpion]
  3379 | D:5      | Reached XP level 6. HP: 2/52 MP: 7/7
  3721 | D:5      | Reached skill level 7 in Maces & Flails
  3781 | D:5      | Noticed an ice beast
  3828 | D:5      | Killed an ice beast
  3851 | D:5      | Learned a level 3 spell: Lesser Beckoning
  3853 | D:5      | Learned a level 1 spell: Summon Small Mammal
  3917 | D:5      | Reached XP level 7. HP: 57/58 MP: 8/8
  3948 | D:5      | Found a staircase to the Ecumenical Temple.
  3958 | Temple   | Entered the Ecumenical Temple
  4042 | Temple   | Became a worshipper of Elyvilon the Healer
  4143 | D:5      | Reached skill level 1 in Invocations
  4467 | D:6      | Reached skill level 8 in Maces & Flails
  4779 | D:6      | Noticed taxman66's ghost (novice OgBe)
  4797 | D:6      | Slain by taxman66's ghost

Skill      XL: |  1  2  3  4  5  6  7 |
---------------+----------------------+-----
Maces & Flails | 3 4 5 6 7 8 |  8.3
Invocations    | 2 |  2.5
Translocations | 4 |  4.1
Fighting       | |  1.7
Throwing       | |  0.8
Armour         | |  1.1
Dodging        | |  2.1
Spellcasting   | |  1.7

Action                   |  1- 3 |  4- 6 |  7- 9 || total
-------------------------+-------+-------+-------++-------
Melee: Mace              |   146 |    91 |       ||   237
       Flail             |       |   103 |    70 ||   173
 Fire: Hunting sling     |       |     6 |       ||     6
 Cast: Blink             |       |       |     1 ||     1
 Abil: Device Recharging |       |     1 |       ||     1
Evoke: Wand              |     2 |     9 |     4 ||    15
  Use: Potion            |     1 |     4 |       ||     5
       Scroll            |       |     4 |     2 ||     6
  Eat: Chunk             |     3 |     3 |     1 ||     7
       Bread ration      |       |     1 |       ||     1
Armor: Leather armour    |     7 |       |       ||     7
       Ring mail         |    29 |    60 |    29 ||   118
       Skin              |       |    13 |       ||    13
Dodge: Dodged            |    77 |   111 |    59 ||   247
